 Dungeon Crawl Stone Soup version 0.22.0-49-gab54619674 (webtiles) character file.

182 Kaderl the Chopper (level 5, 0/47 HPs)
             Began as a Hill Orc Fighter on Sept 7, 2018.
             Slain by a kobold
             ... wielding a +0 short sword
              (3 damage)
             ... on level 2 of the Dungeon.
             The game lasted 00:05:46 (1774 turns).

Kaderl the Chopper (Hill Orc Fighter)               Turns: 1774, Time: 00:05:46

Health: 0/47       AC: 13    Str: 20    XL:     5   Next: 61%
Magic:  5/5        EV:  4    Int:  8    God:
Gold:   140        SH:  9    Dex: 10    Spells: 4/4 levels left

rFire    . . .     SeeInvis .   a - +0 war axe
rCold    . . .     Gourm    .   c - +0 shield
rNeg     . . .     Faith    .   m - +1 plate armour
rPois    .         Spirit   .   (no helmet)
rElec    .         Reflect  .   (no cloak)
rCorr    .         Harm     .   (no gloves)
MR       .....                  (no boots)
Stlth    ..........             (no amulet)
HPRegen  0.15/turn              (no ring)
MPRegen  0.09/turn              (no ring)

@: no status effects
A: no striking features
a: no special abilities


You were on level 2 of the Dungeon.
You were not hungry.

You visited 1 branch of the dungeon, and saw 3 of its levels.

You collected 140 gold pieces.

Inventory:

Hand Weapons
 a - a +0 war axe (weapon)
Armour
 c - a +0 shield (worn)
 m - a +1 plate armour (worn)
Scrolls
 b - a scroll of teleportation {unknown}
 j - 2 scrolls of identify
Potions
 d - 2 potions of might
 e - a potion of curing
 g - a potion of cancellation
 h - a potion of berserk rage {unknown}
Comestibles
 f - 3 rations


   Skills:
 + Level 4.4 Fighting
 + Level 4.6 Axes
 + Level 4.4 Armour
 + Level 1.2 Dodging
 + Level 3.8 Shields


You had 4 spell levels left.
You didn't know any spells.
Your spell library was empty.

Dungeon Overview and Level Annotations

Branches:
Dungeon (3/15)

Altars:
Sif Muna
Trog

Annotations:
D:3 Grinder


Message History

Pain shoots through your body!
* * * LOW HITPOINT WARNING * * *
You climb upwards.
There is a stone staircase leading down here.
You closely miss the kobold.
The kobold is severely wounded.
The kobold hits you but does no damage. You block the kobold's attack.
Your shield and plate armour prevent you from hitting the kobold.
The kobold is severely wounded.
The kobold hits you but does no damage.
Your shield and plate armour prevent you from hitting the kobold.
The kobold is severely wounded.
The kobold hits you but does no damage.
Your plate armour prevents you from hitting the kobold.
The kobold is severely wounded.
The kobold hits you but does no damage. x2
Your plate armour prevents you from hitting the kobold.
The kobold is severely wounded.
The kobold hits you with a short sword.
You die...

#.........(...##.....
#........(.##.##..###
#....).(...##....##
##..............##
#..............######
#...................#
#...................#
#....K.........<....#
#...@...............#
##.........#........#
#######......#.#........#
#........<.#...#........#
#............###........#
#.........#### #........#
#.........# #........#
#.........# ##########
#.........#


You could see a kobold.

Vanquished Creatures
  Terence (D:2)
  Natasha (thrice) (D:2)
  2 adders (D:2)
  2 dart slugs
  2 leopard geckos
  7 bats
  A giant cockroach (D:2)
  5 goblins
  9 hobgoblins
  5 jackals (D:1)
  7 kobolds
  A quokka (D:2)
  5 frilled lizards
  6 rats
56 creatures vanquished.

Notes
Turn   | Place    | Note
-------+----------+-------------------------------------------
     0 | D:1      | Kaderl the Hill Orc Fighter began the quest for the Orb.
     0 | D:1      | Reached XP level 1. HP: 19/19 MP: 1/1
    79 | D:1      | Reached XP level 2. HP: 14/27 MP: 2/2
   401 | D:1      | Reached XP level 3. HP: 30/33 MP: 3/3
  1215 | D:2      | Noticed Natasha
  1215 | D:2      | Noticed Terence
  1244 | D:2      | Killed Terence
  1244 | D:2      | Reached XP level 4. HP: 30/40 MP: 4/4
  1254 | D:2      | Killed Natasha
  1265 | D:2      | Found a deep blue altar of Sif Muna.
  1265 | D:2      | Found a bloodstained altar of Trog.
  1276 | D:2      | Noticed Natasha
  1297 | D:2      | Killed Natasha
  1297 | D:2      | Reached XP level 5. HP: 15/47 MP: 5/5
  1729 | D:2      | Noticed Natasha
  1743 | D:2      | Killed Natasha
  1743 | D:2      | Reached skill level 1 in Dodging
  1756 | D:3      | Noticed Grinder
  1768 | D:3      | HP: 1/47 [Grinder/nerve-wracking pain (8)]
  1774 | D:2      | Slain by a kobold

Skill      XL: |  1  2  3  4  5 |
---------------+----------------+-----
Axes           | 3 4 |  4.6
Armour         | 4 |  4.4
Fighting       | 4 |  4.4
Dodging        | 1 |  1.2
Shields        | |  3.8

Action                   |  1- 3 |  4- 6 || total
-------------------------+-------+-------++-------
Melee: War axe           |   141 |    83 ||   224
  Use: Scroll            |     5 |       ||     5
       Potion            |     1 |     1 ||     2
  Eat: Ration            |     1 |       ||     1
Armor: Scale mail        |    52 |       ||    52
       Plate armour      |    48 |    52 ||   100
Dodge: Dodged            |    51 |    13 ||    64
Block: Shield            |    96 |    49 ||   145
